 Dungeon Crawl Stone Soup version 0.31-a0-210-gccc998df9b (webtiles) character file.

Game seed: 16297818796730752854

674 Ijustatesigmund the Stinger (level 7, -1/45 HPs)
             Began as an Octopode Venom Mage on June 29, 2023.
             Was an Initiate of Vehumet.
             Slain by Menkaure (20 damage)
             ... on level 5 of the Dungeon.
             The game lasted 00:08:46 (5137 turns).

Ijustatesigmund the Stinger (Octopode Venom Mage)   Turns: 5137, Time: 00:08:46

Health: -1/45      AC:  1    Str:  7    XL:     7   Next: 59%
Magic:  12/12      EV: 13    Int: 20    God:    Vehumet [......]
Gold:   305        SH:  0    Dex: 12    Spells: 3/13 levels left

rFire   . . .        a - +5 woodcutter's axe
rCold   . . .        (shield currently unavailable)
rNeg    . . .        (helmet restricted)
rPois   .            (no amulet)
rElec   .            (no ring)
rCorr   .            (no ring)
SInv    .            (no ring)
Will    .....        (no ring)
Stlth   +++          (no ring)
HPRegen 0.27/turn    (no ring)
MPRegen 0.13/turn    (no ring)
                     (no ring)

%: no passive effects
@: mighty
A: almost no armour, amphibious, 8 rings, camouflage 1, gelatinous body 1,
(nimble swimmer 1), tentacles
a: Renounce Religion


You were on level 5 of the Dungeon.
You worshipped Vehumet.
Vehumet was noncommittal.
You visited 2 branches of the dungeon, and saw 6 of its levels.

You collected 325 gold pieces.
You spent 20 gold pieces at shops.

Inventory:

Hand Weapons
 a - the +5 woodcutter's axe (weapon)
   (You found it on level 2 of the Dungeon)
Armour
 k - a +1 buckler
Magical Staves
 c - a staff of death
 i - a staff of earth
Scrolls
 e - 2 scrolls of immolation
 f - a scroll of enchant weapon
 h - 2 scrolls of teleportation
Potions
 d - a potion of lignification
 g - a potion of mutation
 j - a potion of brilliance
 l - a potion of might


   Skills:
 + Level 2.2 Fighting
 + Level 2.3 Axes
 - Level 2.0 Dodging
 - Level 2.6 Stealth
 + Level 3.9 Spellcasting
 + Level 3.0 Conjurations
 - Level 1.0 Transmutations
 + Level 3.2 Air Magic
 + Level 5.6 Poison Magic


You had 3 spell levels left.
You knew the following spells:

 Your Spells              Type           Power      Damage    Failure   Level
a - Sting                 Tmut/Pois      68%        1d6       3%          1
b - Poisonous Vapours     Pois/Air       42%        N/A       3%          2
c - Mephitic Cloud        Conj/Pois/Air  19%        N/A       8%          3
d - Olgreb's Toxic Radia  Pois           26%        N/A       12%         4

Your spell library contained the following spells:

 Spells                   Type           Power      Damage    Failure   Level
 Summon Small Mammal      Summ           12%        N/A       13%         1
 Call Canine Familiar     Summ           3%         N/A       36%         3
 Summon Guardian Golem    Hex/Summ       3%         N/A       36%         3
 Arcjolt                  Conj/Air       8%         1d18      69%         5
 Leda's Liquefaction      Hex/Erth       1%         N/A       78%         4
 Irradiate                Conj/Tmut      5%         3d13      85%         5
 Silence                  Hex/Air        5%         N/A       88%         5
 Lee's Rapid Deconstruct  Erth           1%         3d4*      98%         5
 Leda's Unmaking          Conj/Erth      4%         9d2       100%        6
 Statue Form              Tmut/Erth      3%         N/A       100%        6


Dungeon Overview and Level Annotations

Branches:
Dungeon (5/15)             Temple (1/1) D:4

Altars:
Cheibriados
Dithmenos
Elyvilon
Fedhas
Gozag
Hepliaklqana
Kikubaaqudgha
Nemelex Xobeh
Okawaru
Qazlal
Ru
Sif Muna
Trog
Vehumet
Wu Jian
Xom

Shops:
D:1 *

Annotations:
D:5 Menkaure


Innate Abilities, Weirdness & Mutations

You cannot wear most types of armour.
You are amphibious.
You can wear up to eight rings at the same time.
Your skin changes colour to match your surroundings (Stealth+).
Your rubbery body absorbs attacks. (AC +1, EV +1)
((You are camouflaged when in or above water. (Stealth+)))
You have tentacles for arms and can constrict up to eight enemies at once.


Message History

You now have 305 gold pieces (gained 18).
You open the door.
Found 6 stones.
Found a ring mail.
There is an open door here.
You see here 6 stones.
A hound comes into view.
The hound barks!
The hound bites you.
You barely miss the hound. You grab the hound. You constrict the hound.
The hound closely misses you. The hound bites you.
An ice beast comes into view.
You slash the hound! You squeeze the hound.
You kill the hound!
Vehumet accepts your kill.
Menkaure, Prince of Dust comes into view.
Menkaure calls on the powers of darkness!
The ice beast convulses!
Your body is wracked with pain!
You are too injured to fight recklessly!
You are too injured to fight recklessly!
You are too injured to fight recklessly!
There are monsters nearby!
You feel much better.
You barely miss the ice beast. Your squeeze misses the ice beast.
The ice beast is heavily wounded.
The ice beast hits you. The ice beast freezes you!
You closely miss the ice beast.
The ice beast is heavily wounded.
The ice beast hits you. The ice beast freezes you!
It was a potion of might.
You feel very mighty all of a sudden. The ice beast closely misses you.
You slash the ice beast!
You kill the ice beast!
Vehumet accepts your kill.
Menkaure points at you and mumbles some strange words.
You struggle to resist.
Your Conjurations skill increases to level 3!
Menkaure hits you!!
You die...

#############
#............ #....@M#
##########......#♣#
................+..##
................#♣..##
................##...#
.................##..♣#
..........#########)<.#
########+#........
##..♣#
#.######.#.#########...#


You could see Menkaure.

Vanquished Creatures
  A black bear (D:5)
  An ice beast (D:5)
  An ogre (D:5)
  A bullfrog (D:3)
  A gnoll sergeant (D:2)
  5 hounds
  An iron imp (D:3)
  4 gnolls
  2 adders
  An ufetubus (D:5)
  4 worms
  4 orcs (D:3)
  5 endoplasms
  2 giant cockroaches
  5 goblins
  2 hobgoblins
  9 jackals
  A quokka (D:3)
  7 ball pythons
  5 bats
  7 frilled lizards
  3 kobolds
  13 rats
85 creatures vanquished.

Vanquished Creatures (others)
  A human (D:3)
1 creature vanquished.

Grand Total: 86 creatures vanquished

Notes
Turn   | Place    | Note
-------+----------+-------------------------------------------
     0 | D:1      | Ijustatesigmund the Octopode Venom Mage began the quest for
                  | the Orb.
     0 | D:1      | Reached XP level 1. HP: 11/11 MP: 3/3
   236 | D:1      | Reached XP level 2. HP: 17/18 MP: 5/5
   239 | D:1      | Learned a level 2 spell: Poisonous Vapours
   306 | D:1      | Reached skill level 1 in Fighting
   455 | D:1      | Found Izeexkar's General Store.
   503 | D:1      | Reached skill level 4 in Poison Magic
   622 | D:1      | Bought a scroll of identify for 20 gold pieces
   871 | D:1      | Reached XP level 3. HP: 23/23 MP: 6/6
   875 | D:1      | Learned a level 3 spell: Mephitic Cloud
  1311 | D:2      | Reached skill level 1 in Air Magic
  2329 | D:2      | Reached XP level 4. HP: 28/28 MP: 4/7
  2594 | D:2      | Noticed a gnoll sergeant
  2594 | D:2      | Found the +5 woodcutter's axe
  2625 | D:2      | Reached skill level 1 in Conjurations
  2632 | D:2      | Killed a gnoll sergeant
  2633 | D:2      | Reached XP level 5. HP: 4/33 MP: 1/9
  2863 | D:2      | Learned a level 4 spell: Olgreb's Toxic Radiance
  2954 | D:3      | Got the Tome of Vapourous Modification
  3070 | D:3      | Found a blossoming altar of Fedhas.
  3421 | D:3      | Found a snail-covered altar of Cheibriados.
  3509 | D:3      | Found an ancient bone altar of Kikubaaqudgha.
  3510 | D:3      | Noticed a human
  3514 | D:3      | Killed a human
  3537 | D:3      | Found a faded altar of an unknown god.
  3555 | D:3      | Reached skill level 1 in Axes
  3555 | D:3      | Reached skill level 5 in Poison Magic
  3555 | D:3      | Reached XP level 6. HP: 19/38 MP: 9/11
  3962 | D:3      | Found a shadowy altar of Dithmenos.
  4133 | D:4      | Found an opulent altar of Gozag.
  4307 | D:4      | Identified the +2 mace of Conscience {chaos, rElec Stlth+}
  4391 | D:4      | Found a staircase to the Ecumenical Temple.
  4397 | Temple   | Entered the Ecumenical Temple
  4444 | Temple   | Became a worshipper of Vehumet
  4618 | D:5      | Entered Level 5 of the Dungeon
  4625 | D:5      | Reached XP level 7. HP: 28/43 MP: 0/12
  5130 | D:5      | Noticed Menkaure
  5137 | D:5      | Slain by Menkaure

Illustrated notes

Levels and vault maps discovered:
D:1:      dpeg_arrival_prison, layout_loops_ring, serial_shops, shop,
          wander_ebering_terrifying_dragon_lair
D:2:      layout_basic, pf_guarded_unrand_woodcutter
D:3:      layout_basic, slow_altar_1, fedhas_altar_2, tgw_kikubaaqudgha,
          lemuel_doored_altar, shapermc_ecumenical_altar_mp_highgroup
D:4:      layout_basic, old_standard_altar, minmay_temple_entry_steel_oval,
          dreamdust_mushroom_princess
D:5:      layout_basic, nicolae_overflow_hidden_temple, minivault_5,
          grunt_ministairs_8, uniq_menkaure
Temple:   hellmonk_temple_of_storms

Skill      XL: |  1  2  3  4  5  6  7 |
---------------+----------------------+-----
Fighting       | 1 2 |  2.2
Poison Magic   | 4 5 |  5.6
Air Magic      | 1 2 3 |  3.2
Conjurations   | 1 2 3 |  3.0
Spellcasting   | 3 |  3.9
Axes           | 1 2 |  2.3
Dodging        | |  2.0
Stealth        | |  2.6
Transmutations | |  1.0

Action                     |  1- 3 |  4- 6 |  7- 9 || total
---------------------------+-------+-------+-------++-------
  Melee: Unarmed           |     9 |       |       ||     9
         Staff             |    71 |    20 |       ||    91
         Constrict         |    22 |    21 |     5 ||    48
         Tentacles         |    24 |    14 |     4 ||    42
         Punch             |     2 |     1 |       ||     3
         Battleaxe         |       |    53 |    20 ||    73
   Cast: Sting             |     6 |     4 |       ||    10
         Poisonous Vapours |    18 |     2 |       ||    20
         Mephitic Cloud    |       |     2 |       ||     2
         Olgreb's Toxic Ra |       |     1 |       ||     1
    Use: Scroll            |     6 |     3 |     2 ||    11
         Potion            |       |     3 |     2 ||     5
   Stab: Sleeping          |     8 |    11 |       ||    19
         Confused          |       |     3 |       ||     3
 Armour: Skin              |     2 |    31 |       ||    33
  Dodge: Dodged            |    49 |    30 |    14 ||    93

Table legend: (Time is in decaauts)
 A = Elapsed time spent in this place.
 B = Non-inter-level travel time spent in this place.
 C = Inter-level travel time spent in this place.
 D = Time resting spent in this place.
 E = Time spent auto-exploring this place.
 F = Levels seen in this place.
 G = Mean time per level.
                   A        B        C        D        E       F      G
               +--------+--------+--------+--------+--------+-----+--------+
         Total |   5153 |   4983 |    170 |   1583 |   2722 |   6 |  858.8 |
       Dungeon |   5085 |   4936 |    149 |   1583 |   2698 |   5 | 1017.0 |
        Temple |     67 |     47 |     20 |      0 |     24 |   1 |   67.0 |
               +--------+--------+--------+--------+--------+-----+--------+

Top non-repeatable levels by time:
     D:2: 1668 daAuts
     D:1: 1246 daAuts
     D:3: 1163 daAuts
     D:5: 518 daAuts
     D:4: 488 daAuts
  Temple: 67 daAuts
